 Dungeon Crawl Stone Soup version 0.24.0-123-gd5b16e6ec5 (webtiles) character file.

Game seed: 4185453516771167632, levelgen mode: deterministic

639 ANNNA the Conjurer (level 7, -7/37 HPs)
             Began as a Kobold Conjurer on Feb 11, 2020.
             Was an Initiate of Qazlal.
             Mangled by an ogre
             ... wielding a +0 giant club
              (24 damage)
             ... on level 6 of the Dungeon.
             The game lasted 00:33:39 (5744 turns).

ANNNA the Conjurer (Kobold Conjurer)                Turns: 5744, Time: 00:33:40

Health: -7/37      AC:  7    Str:  6    XL:     7   Next: 80%
Magic:  13/13      EV: 14    Int: 18    God:    Qazlal [......]
Gold:   127        SH:  4    Dex: 15    Spells: 11/14 levels left

rFire    . . .     SeeInvis .   n - +1 short sword (distort)
rCold    . . .     Gourm    .   E - +0 buckler
rNeg     . . .     Faith    .   t - +0 leather armour
rPois    .         Spirit   .   A - +1 helmet
rElec    .         Reflect  .   (no cloak)
rCorr    .         Harm     .   p - +1 pair of gloves
MR       +....                  (no boots)
Stlth    ++........             (no amulet)
HPRegen  0.12/turn              g - ring of flight
MPRegen  0.13/turn              u - ring of protection from magic

@: no status effects
A: small, carnivore
a: Renounce Religion, Evoke Flight


You were on level 6 of the Dungeon.
You worshipped Qazlal.
Qazlal was noncommittal.
You were not hungry.

You visited 1 branch of the dungeon, and saw 7 of its levels.

You collected 255 gold pieces.
You spent 128 gold pieces at shops.

Inventory:

Hand Weapons
 b - a +0 club
 n - a +1 short sword of distortion (weapon)
 q - a +0 shortbow
 r - a +0 club
 v - a +1 whip of freezing
 w - a +0 rapier
Missiles
 d - 24 poisoned darts (quivered)
 e - 7 silver javelins
 f - 69 bolts
 l - 52 arrows
 o - 87 stones
 F - 2 javelins
Armour
 a - a +0 robe
 p - a +1 pair of gloves (worn)
 s - a +0 robe
 t - a +0 leather armour (worn)
 y - a +2 hat
 A - a +1 helmet (worn)
 E - a +0 buckler (worn)
Jewellery
 g - a ring of flight (left hand)
 u - a ring of protection from magic (right hand)
 G - an uncursed amulet of rage
Scrolls
 x - 3 scrolls of enchant armour
 z - a scroll of remove curse
 B - a scroll of magic mapping
 C - a scroll of teleportation
 D - a scroll of blinking
Potions
 h - 2 potions of lignification
 i - 4 potions of brilliance
 j - a potion of flight {unknown}
 k - 5 potions of curing
 m - a potion of heal wounds
 H - a potion of might {unknown}
Comestibles
 c - a ration


   Skills:
 + Level 0.5 Fighting
 + Level 1.9 Short Blades
 + Level 0.2 Maces & Flails
 + Level 2.1 Throwing
 + Level 2.6 Armour
 + Level 3.1 Dodging
 + Level 3.4 Stealth
 + Level 4.3 Spellcasting
 + Level 6.0 Conjurations


You had 11 spell levels left.
You knew the following spells:

 Your Spells              Type           Power        Failure   Level  Hunger
a - Magic Dart            Conj           ####         3%          1    None
b - Searing Ray           Conj           ####..       4%          2    ##.....

Your spell library contained the following spells:

 Spells                   Type           Power        Failure   Level  Hunger
 Dazzling Spray           Conj/Hex       ##....       30%         3    ###....
 Iskenderun's Mystic Bla  Conj           ####....     30%         4    ####...
 Force Lance              Conj/Tloc      ##......     71%         4    ####...
 Fulminant Prism          Conj/Hex       ##........   71%         4    ####...


Dungeon Overview and Level Annotations

Branches:
Dungeon (7/15)             Temple (0/1) D:5

Altars:
Ashenzari
Qazlal
Xom

Shops:
D:5 [?*?

Annotations:
D:3 Terence
D:6 Pikel
Abyss:1 Edmund


Innate Abilities, Weirdness & Mutations

You are small and have problems with some larger weapons.
You are carnivorous and can eat meat at any time.


Message History

You can't go up here!
You block the ogre's attack.
You climb downwards.
A hound comes into view.
The hound barks!
You hear a shout!
Found a stone staircase leading up.
There is a stone staircase leading up here.
The hound misses you.
You climb upwards.
Level annotation: Pikel
There is a stone staircase leading down here.
Casting: Magic Dart (safe; 3% risk of failure)
Confirm with . or Enter, or press ? or * to list all spells.
You don't know that spell.
The hound bites you but does no damage. The ogre hits you with a +0 giant club!
The hound completely misses you. The hound bites you but does no damage.
The ogre hits you with a +0 giant club!!
Ouch! That really hurt!
You die...

#........#*,,,,,,,**
#<...##..#**,,,,,**
#........# **,,,**
###..###.# **+**
#...# #.# *,* #..##
#(# *,* ##..####.#
**,**
#.O......####...**
#>.@............,*
#.h.#######.#...**
##### *,..,,,***
***##*,,,, *****


You could see an ogre and a hound.

Vanquished Creatures
  A sky beast (D:5)
  A centaur (D:5)
  A jelly (D:5)
  An orc priest (D:3)
  A hound (D:4)
  Jessica (D:2)
  A worker ant (D:4)
  2 hound zombies (D:5)
  3 adders
  An ooze (D:6)
  3 worms
  4 dart slugs
  4 leopard geckos
  An orc (D:5)
  3 ball pythons
  2 bats (D:1)
  5 giant cockroaches
  8 goblins
  5 hobgoblins
  2 quokkas
  6 frilled lizards
  7 kobolds
  2 leopard gecko skeletons
  6 rats
71 creatures vanquished.

Vanquished Creatures (others)
  An ogre (D:4)
  2 scorpions (D:5)
  A hound (D:5)
  An orc wizard (D:5)
5 creatures vanquished.

Grand Total: 76 creatures vanquished

Notes
Turn   | Place    | Note
-------+----------+-------------------------------------------
     0 | D:1      | ANNNA the Kobold Conjurer began the quest for the Orb.
     0 | D:1      | Reached XP level 1. HP: 10/10 MP: 3/3
   320 | D:1      | Reached XP level 2. HP: 15/15 MP: 0/5
  1157 | D:1      | Reached XP level 3. HP: 19/19 MP: 4/6
  1326 | D:1      | Reached skill level 1 in Throwing
  1444 | D:2      | Noticed Jessica
  1997 | D:2      | Reached XP level 4. HP: 24/24 MP: 3/7
  2138 | D:2      | Found a shattered altar of Ashenzari.
  2529 | D:2      | Killed Jessica
  2612 | D:3      | Reached XP level 5. HP: 28/28 MP: 7/9
  2655 | D:3      | Noticed Terence
  2784 | D:3      | Learned a level 2 spell: Searing Ray
  2798 | D:3      | Reached skill level 5 in Conjurations
  3667 | D:4      | Noticed Edmund
  3769 | D:4      | Noticed an ogre
  3839 | D:4      | Banished Edmund
  3839 | D:4      | Reached skill level 1 in Short Blades
  3839 | D:4      | Reached skill level 1 in Armour
  3839 | D:4      | Reached XP level 6. HP: 27/32 MP: 5/11
  4024 | D:4      | Banished an ogre
  4235 | D:4      | Found a stormy altar of Qazlal.
  4262 | D:4      | Became a worshipper of Qazlal Stormbringer
  4290 | D:4      | Noticed an eye of draining
  4290 | D:4      | Noticed an eye of draining
  4307 | D:5      | Entered Level 5 of the Dungeon
  4310 | D:5      | Found Ithryv Xuih's Armour Boutique.
  4312 | D:5      | Found a staircase to the Ecumenical Temple.
  4518 | D:5      | Reached XP level 7. HP: 36/36 MP: 9/12
  4533 | D:5      | Found Qyiz's Food Boutique.
  4598 | D:5      | Found Ukadifa's Magic Scroll Emporium.
  4610 | D:5      | Bought a scroll of identify for 24 gold pieces
  4684 | D:5      | Found Qecvyis's Assorted Antiques.
  4692 | D:5      | Bought a scroll of identify for 56 gold pieces
  4812 | D:5      | Found Diakhaur's Magic Scroll Emporium.
  4870 | D:5      | Bought a scroll of identify for 24 gold pieces
  4870 | D:5      | Bought a scroll of identify for 24 gold pieces
  4966 | D:5      | Found a shimmering altar of Xom.
  5029 | D:5      | Reached skill level 6 in Conjurations
  5561 | D:6      | Noticed Pikel
  5744 | D:6      | Mangled by an ogre

Levels and vault maps discovered:
D:1:      wander_arrival_peaceful_grave, layout_loops_corners
D:2:      layout_loops_ring, lemuel_doored_altar, uniq_jessica
D:3:      layout_basic, first_ration, okawaru_ov_weapons_minmay, uniq_ijyb,
          uniq_terence
D:4:      layout_basic, old_standard_altar, serial_glass, glass_columns_a,
          glass_columns_a, minmay_strange_pillars, minmay_strange_pillars,
          trog_eyes_of_draining, uniq_edmund
D:5:      layout_layer_cave, minmay_temple_entry_large_hall, serial_shops, shop,
          nicolae_shop_trees, nicolae_shop_crystal, shop, shop,
          nicolae_ossuary_entry_ruins, serial_bayou_pond_e, serial_bayou_pond_e,
          corner_web_ring, xom_confusion_cloud
D:6:      minmay_evil_eye, layout_loops_corners, kennysheep_mini, serial_shops,
          shop, uniq_pikel
D:7:      layout_rooms, nicolae_gozag_cash_rules_everything_around_me,
          lemuel_round_altar, lemuel_crystal_altar,
          nicolae_dithmenos_the_darkroom, overflow_temple_1_default, uniq_harold

Skill      XL: |  1  2  3  4  5  6  7 |
---------------+----------------------+-----
Stealth        | 3 |  3.4
Throwing       | 1 2 |  2.1
Conjurations   | 5 6 |  6.0
Spellcasting   | 3 4 |  4.3
Short Blades   | 1 |  1.9
Armour         | 1 2 |  2.6
Dodging        | 3 |  3.1
Fighting       | |  0.5
Maces & Flails | |  0.2

Action                   |  1- 3 |  4- 6 |  7- 9 || total
-------------------------+-------+-------+-------++-------
Melee: Club              |    11 |       |       ||    11
       Short sword       |     4 |    29 |    17 ||    50
Throw: Dart              |     5 |     6 |       ||    11
 Cast: Magic Dart        |    50 |    93 |    48 ||   191
       Searing Ray       |       |       |     1 ||     1
 Abil: Evoke Flight      |       |       |     1 ||     1
  Use: Scroll            |     6 |     6 |     7 ||    19
       Potion            |       |       |     2 ||     2
  Eat: Chunk             |     3 |     3 |     1 ||     7
       Ration            |     1 |     2 |     2 ||     5
Armor: Robe              |     4 |       |       ||     4
       Leather armour    |       |     7 |     9 ||    16
Dodge: Dodged            |    23 |    25 |    21 ||    69
Block: Buckler           |       |       |     6 ||     6
